 Dungeon Crawl Stone Soup version 0.30-a0-986-g7f2e898f52 (webtiles) character file.

Game seed: 4788483201835316755

475542 ragingrage the Prince of Secrets (level 24, -18/201 HPs)
             Began as a Gnoll Artificer on Mar 30, 2023.
             Was a High Priest of Ashenzari.
             Killed by the air
             ... invoked by a titan
              (31 damage)
             ... on level 5 of the Vaults on Apr 1, 2023.
             The game lasted 02:08:13 (77229 turns).

ragingrage the Prince of Secrets (Gnoll Artificer) Turns: 77229, Time: 02:08:14

Health: -18/201    AC: 24    Str: 11    XL:     24   Next: 75%
Magic:  5/46       EV: 14    Int: 27    God:    Ashenzari [*****.]
Gold:   3027       SH: 24    Dex: 24    Spells: 9/61 levels left

rFire   + + .      SeeInvis +    k - +8 autumn katana {manifold assault}
rCold   + . .      Faith    .    a - +2 kite shield {rF+}
rNeg    + . .      Spirit   .    N - +8 chain mail "Scepticism of Ashenzari" {rElec rC+ Will+, Fort, Evo} (curse)
rPois   .          Reflect  +    n - +2 helmet of Ashenzari's Repose {Comp, Alch} (curse)
rElec   +          Rampage  .    f - +2 cloak of the Fated Henotheism {Stlth+, Elem, Bglg} (curse)
rCorr   .          Clarity  +    w - +1 pair of gloves "Tethered Together" {rN+ Regen+ Dex+4, Alch, Elem} (curse)
Will    ++++.                    Y - +1 pair of boots "Comet of the Soothsayer" {Fly, Alch, Bglg} (curse)
Stlth   +++++                    W - amulet of Star-Bound Wisdom {Reflect rElec Int+2 Dex+3 SH+5, Elem, Self} (curse)
HPRegen 1.33/turn                T - ring "Bound With Me" {Fly rF+ Will+ Slay+4, Alch, Evo} (curse)
MPRegen 0.30/turn                t - ring of Supernal Wisdom {Will+ Int+6, Elem, Melee} (curse)

@: mighty, about to teleport, corroded, flying
A: fangs 1, strong nose, distributed training
}: 2/15 runes: barnacled, gossamer
a: Renounce Religion, Curse Item, Shatter the Chains


You were on level 5 of the Vaults.
You worshipped Ashenzari.
Ashenzari was extremely pleased with you.
You visited 9 branches of the dungeon, and saw 43 of its levels.
You also visited: Sewer and Ice Cave.

You collected 7099 gold pieces.
You spent 4072 gold pieces at shops.

Inventory:

Hand Weapons
 k - the +8 autumn katana (weapon) {manifold assault}
   (You found it on level 1 of the Depths)

   Manifold Assault: It sometimes launches melee attacks against multiple
   visible enemies.
Missiles
 g - 7 throwing nets
 C - 4 curare-tipped darts
 J - 2 silver javelins
Armour
 a - a +2 kite shield of fire resistance (worn)
 f - the cursed +2 cloak of the Fated Henotheism (worn) {Stlth+, Elem, Bglg}
   (You bought it in a shop on level 2 of the Vaults)

   It has a curse which improves the following skills: Elements: Fire Magic, Ice
   Magic, Air Magic and Earth Magic.
   Beguiling: Conjurations, Hexes and Translocations.
 n - the cursed +2 helmet of Ashenzari's Repose (worn) {Comp, Alch}
   (You found it on level 2 of the Dungeon)

   It has a curse which improves the following skills: Companions: Summonings
   and Necromancy.
   Alchemy:   Poison Magic and Transmutations.
 w - the cursed +1 pair of gloves "Tethered Together" (worn) {rN+ Regen+ Dex+4, Alch, Elem}
   (You bought it in a shop on level 2 of the Vaults)

   Dex:       It affects your dexterity (+4).
   rN:        It protects you from negative energy.
   Regen:     It increases your rate of health regeneration.
   It has a curse which improves the following skills: Alchemy: Poison Magic and
   Transmutations.
   Elements:  Fire Magic, Ice Magic, Air Magic and Earth Magic.
 N - the cursed +8 chain mail "Scepticism of Ashenzari" (worn) {rElec rC+ Will+, Fort, Evo}
   (You found it on level 3 of the Elven Halls)

   rC:        It protects you from cold.
   rElec:     It insulates you from electricity.
   Will:      It increases your willpower.
   It has a curse which improves the following skills: Fortitude: Armour and
   Shields.
   Evocations: Evocations.
 Y - the cursed +1 pair of boots "Comet of the Soothsayer" (worn) {Fly, Alch, Bglg}
   (You bought it in a shop on level 2 of the Orcish Mines)

   It has a curse which improves the following skills: Alchemy: Poison Magic and
   Transmutations.
   Beguiling: Conjurations, Hexes and Translocations.
Jewellery
 t - the cursed ring of Supernal Wisdom (right hand) {Will+ Int+6, Elem, Melee}
   (You took it off a deep elf master archer on level 3 of the Elven Halls)

   [ring of intelligence]

   Int:       It affects your intelligence (+6).
   Will:      It increases your willpower.
   It has a curse which improves the following skills: Elements: Fire Magic, Ice
   Magic, Air Magic and Earth Magic.
   Melee Combat: Short Blades, Long Blades, Axes, Maces & Flails, Polearms,
   Staves and Unarmed Combat.
 u - the ring "Cynint" {+Blink rElec rC+ rCorr Int-3}
   (You took it off a frost giant on level 2 of the Depths)

   [ring of protection from cold]

   Int:       It affects your intelligence (-3).
   rC:        It protects you from cold.
   rElec:     It insulates you from electricity.
   +Blink:    It lets you blink.
   rCorr:     It protects you from acid and corrosion.
 T - the cursed ring "Bound With Me" (left hand) {Fly rF+ Will+ Slay+4, Alch, Evo}
   (You acquired it on level 4 of the Shoals)

   [ring of slaying]

   Slay:      It affects your accuracy & damage with ranged weapons and melee
   (+4).
   rF:        It protects you from fire.
   Fly:       It grants you flight.
   Will:      It increases your willpower.
   It has a curse which improves the following skills: Alchemy: Poison Magic and
   Transmutations.
   Evocations: Evocations.
 W - the cursed amulet of Star-Bound Wisdom (around neck) {Reflect rElec Int+2 Dex+3 SH+5, Elem, Self}
   (You acquired it on level 12 of the Dungeon)

   [amulet of reflection]

   It reflects blocked missile attacks.
   Int:       It affects your intelligence (+2).
   Dex:       It affects your dexterity (+3).
   rElec:     It insulates you from electricity.
   SH:        It affects your SH (+5).
   It has a curse which improves the following skills: Elements: Fire Magic, Ice
   Magic, Air Magic and Earth Magic.
   Introspection: Fighting and Spellcasting.
Wands
 c - a wand of flame (59)
 d - a wand of charming (5)
 e - a wand of iceblast (42)
 v - a wand of digging (5)
 y - a wand of mindburst (45)
 K - a wand of acid (7)
 P - a wand of paralysis (36)
Scrolls
 h - 8 scrolls of enchant weapon
 j - 12 scrolls of poison
 m - 10 scrolls of fear
 p - 9 scrolls of fog
 q - 17 scrolls of teleportation
 x - a scroll of acquirement
 z - 6 scrolls of enchant armour
 G - a scroll of summoning
 L - 4 scrolls of magic mapping
 S - 4 scrolls of silence
 U - 6 scrolls of blinking
 V - 11 scrolls of immolation
 X - 7 scrolls of vulnerability
Potions
 i - 9 potions of heal wounds
 l - 2 potions of invisibility
 r - 6 potions of cancellation
 s - 4 potions of mutation
 A - 11 potions of brilliance
 D - 16 potions of haste
 E - 4 potions of magic
 F - 5 potions of flight
 I - 22 potions of curing
 M - 2 potions of berserk rage
 O - 3 potions of resistance
 R - 5 potions of ambrosia
 Z - 4 potions of might
Miscellaneous
 b - a lightning rod (4/4)
 o - a box of beasts
 B - a condenser vane
 H - a phial of floods
 Q - a phantom mirror


   Skills:
 + Level 17.3(19.2) Fighting
 + Level 17.1(19.1) Short Blades
 + Level 17.1(19.1) Long Blades
 + Level 17.1(19.1) Axes
 + Level 17.1(19.1) Maces & Flails
 + Level 17.1(19.1) Polearms
 + Level 17.1(19.1) Staves
 + Level 17.1 Ranged Weapons
 + Level 17.1 Throwing
 + Level 17.6(19.6) Armour
 + Level 17.3 Dodging
 + Level 17.2 Stealth
 + Level 17.1(19.1) Shields
 + Level 17.1(19.1) Unarmed Combat
 + Level 17.1(19.1) Spellcasting
 + Level 14.5(17.6) Conjurations
 + Level 14.5(17.6) Hexes
 + Level 14.5(16.6) Summonings
 + Level 14.5(16.6) Necromancy
 + Level 14.5(17.6) Translocations
 + Level 14.5(19.5) Transmutations
 + Level 14.5(19.5) Fire Magic
 + Level 14.5(19.5) Ice Magic
 + Level 14.5(19.5) Air Magic
 + Level 14.5(19.5) Earth Magic
 + Level 14.5(19.5) Poison Magic
 + Level 18.5 Invocations
 + Level 18.1(21.0) Evocations


You had 9 spell levels left.
You knew the following spells:

 Your Spells              Type           Power      Damage    Failure   Level
a - Sting                 Tmut/Pois      100%       1d8       0%          1
b - Poisonous Vapours     Pois/Air       100%       N/A       0%          2
c - Dragon Form           Tmut           46%        N/A       7%          7
d - Olgreb's Toxic Radia  Pois           92%        N/A       1%          4
e - Passwall              Tmut/Erth      76%        N/A       0%          2
f - Ignite Poison         Fire/Tmut/Pois 92%        N/A       1%          3
g - Lee's Rapid Deconstr  Erth           46%        3d22*     1%          5
h - Irradiate             Conj/Tmut      45%        3d26      1%          5
i - Summon Cactus Giant   Summ           43%        N/A       4%          6
j - Stone Arrow           Conj/Erth      100%       3d13      1%          3
k - Freezing Cloud        Conj/Ice/Air   45%        6-21      1%          5
l - Wereblood             Tmut           92%        N/A       0%          2
m - Swiftness             Air            92%        N/A       1%          3
n - Manifold Assault      Tloc           88%        N/A       1%          4

Your spell library contained the following spells:

 Spells                   Type           Power      Damage    Failure   Level
 Beastly Appendage        Tmut           100%       N/A       0%          1
 Shock                    Conj/Air       100%       1d9       0%          1
 Apportation              Tloc           100%       N/A       1%          1
 Magic Dart               Conj           100%       1d8       1%          1
 Necrotise                Necr           100%       1d9       1%          1
 Summon Small Mammal      Summ           100%       N/A       1%          1
 Call Imp                 Summ           86%        N/A       1%          2
 Cigotuvi's Dreadful Rot  Necr/Pois/Air  100%       N/A       1%          2
 Ensorcelled Hibernation  Hex/Ice        100%       N/A       1%          2
 Call Canine Familiar     Summ           86%        N/A       1%          3
 Gell's Gravitas          Tloc           88%        N/A       1%          3
 Inner Flame              Hex/Fire       90%        N/A       1%          3
 Kindle Blastsparks       Fire/Tloc/Air  100%       2d18      1%          3
 Mephitic Cloud           Conj/Pois/Air  91%        N/A       1%          3
 Portal Projectile        Hex/Tloc       100%       N/A       1%          3
 Spider Form              Tmut/Pois      92%        N/A       1%          3
 Summon Guardian Golem    Hex/Summ       87%        N/A       1%          3
 Teleport Other           Tloc           88%        N/A       1%          3
 Tukima's Dance           Hex            88%        N/A       1%          3
 Vampiric Draining        Necr           86%        2d12      1%          3
 Airstrike                Air            46%        2d(7-23)  1%          4
 Anguish                  Hex/Necr       43%        N/A       1%          4
 Animate Armour           Summ/Erth      100%       N/A       1%          4
 Cause Fear               Hex            44%        N/A       1%          4
 Leda's Liquefaction      Hex/Erth       45%        N/A       1%          4
 Passage of Golubria      Tloc           88%        N/A       1%          4
 Petrify                  Tmut/Erth      92%        N/A       1%          4
 Agony                    Necr           86%        N/A       1%          5
 Blade Hands              Tmut           46%        N/A       1%          5
 Metabolic Englaciation   Hex/Ice        45%        N/A       1%          5
 Plasma Beam              Fire/Air       46%        2x1d44    1%          5
 Silence                  Hex/Air        45%        N/A       1%          5
 Yara's Violent Unravell  Hex/Tmut       45%        3d18      1%          5
 Statue Form              Tmut/Erth      61%        N/A       1%          6
 Dispersal                Tloc           44%        N/A       2%          6
 Enfeeble                 Hex            44%        N/A       16%         7
 Summon Hydra             Summ           43%        N/A       24%         7
 Lehudib's Crystal Spear  Conj/Erth      45%        10d11     63%         8
 Discord                  Hex            44%        N/A       77%         8
 Disjunction              Tloc           44%        N/A       77%         8
 Dragon's Call            Summ           43%        N/A       100%        9


Dungeon Overview and Level Annotations

Branches:
Dungeon (15/15)            Temple (1/1) D:4            Lair (5/5) D:11
 Shoals (4/4) Lair:3       Spider (4/4) Lair:2        Slime (0/5) Lair:4
    Orc (2/2) D:10            Elf (3/3) Orc:2        Vaults (5/5) D:14
  Crypt (0/3) Vaults:3     Depths (4/4) D:15            Zot (0/5) Depths:4
  Sewer (visited)           IceCv (visited)

Altars:
Ashenzari
Cheibriados
Dithmenos
Elyvilon
Fedhas
Gozag
Hepliaklqana
Kikubaaqudgha
Makhleb
Nemelex Xobeh
Okawaru
Qazlal
Ru
Sif Muna
Trog
Uskayaw
Vehumet
Wu Jian
Xom
Yredelemnul
Zin
The Shining One
Jiyva
Lugonu

Shops:
Orc:1 [   Orc:2 :([*=   Elf:2 !   Shoals:3 *   Vaults:2 *([   Vaults:4 (
Depths:3 (   Depths:4 ((

Portals:
Hell: Depths:1 Depths:2 Depths:3 Depths:4
Abyss: Depths:3 Depths:4
Pandemonium: Depths:1 Depths:2 Depths:3 Depths:4
Ziggurat: Depths:4
Trove: Elf:3 (give +2 shadow dragon scales)

Annotations:
D:3 1 runed translucent door, lesbiats's ghost, amateur OgFi
D:7 exclusion: downstairs
D:10 2 transporters, Juicyj's ghost, journeyman MiFi
D:12 2 transporters
D:13 2 runed translucent doors, Dodiz's ghost, journeyman BaFi
D:15 1 runed translucent door, Usinnox's ghost, journeyman OpFi
Lair:4 exclusion: downstairs
Elf:2 3 runed translucent doors
Depths:2 3 runed translucent doors, Camaan's ghost, adept DgCj; Doumn's ghost, veteran GnFi


Innate Abilities, Weirdness & Mutations

You have very sharp teeth.
Your uncanny sense of smell can sniff out nearby items.
Your experience applies equally to all skills.


Message History

The entropy weaver hits you but does no damage.
The entropy weaver hits you.
* * * LOW HITPOINT WARNING * * *
The entropy weaver hits you.
* * * LOW HITPOINT WARNING * * *
You hear a shout! x2; You hear an angry hiss.
You hear a shout!
Unknown command.
Unknown command.
Blink to where?
You escape the tentacled monstrosity's grasp.
As you read the scroll of blinking, it crumbles to dust.
You feel a little less clever now.
Unknown command.
Okay, then.
You feel much better.
You hear a shout!
The titan points at you and mumbles some strange words.
The bolt of lightning hits you! You resist.
* * * LOW HITPOINT WARNING * * *
A titan comes into view.
The tentacled monstrosity is engulfed in freezing vapours.
You feel much better.
Your primal bloodlust has ended.
As you read the scroll of teleportation, it crumbles to dust.
You feel strangely unstable.
The titan gestures at you while chanting.
The bolt of lightning hits you! You resist.
* * * LOW HITPOINT WARNING * * *
The vault sentinel is engulfed in freezing vapours.
The vault sentinel unwields a +0 morningstar of protection.
The vault sentinel wields a +0 arbalest.
The vault sentinel shoots a bolt.
You reflect the bolt off an invisible shield around you!
The bolt hits the vault sentinel!!
The titan waves its arms in wide circles.
The air twists around and strikes you!!!
* * * LOW HITPOINT WARNING * * *
The titan waves its arms in wide circles.
The air twists around and strikes you!!
You die...

*, , , , *, , , , *
, #....#*, ,,* , ,
,* ,, ,,#....#*, * *
,,,#..C.#* ,, ,,*,,
* , * , #....# ,,
,,** , , * * ,, ,
,#....# ,,* ,, *
*,,,#....# ,,,* , *
* ,,#....#* , ,* ,
,* , , ,#..@.# ,, ,,
, ,*, , ###, #....#
, ,, * * * , *
,.....#.†..#* ...,
,, * ,,* *
.†..#.X..#* .... ,
,,
*###).#.W.§###.)),,
, , ,....)#....)...#
,, , , , ,,
,,X...).☼§......#* *
**
*#####§.BCC)....###*
***** ,, ,
,.....○.p<<☼)......,
,


You could see a tentacled monstrosity, 2 titans, a frost giant (empowered), an
entropy weaver (empowered) and a freezing wraith.

Vanquished Creatures
  A dread lich (Vaults:5)
  A juggernaut (Depths:3)
  Sojobo (Depths:2)
  Josephina (Depths:3)
  Frederick (Vaults:2)
  Bai Suzhen (Spider:4)
  A caustic shrike (Depths:2)
  5 golden dragons
  Arachne (Spider:2)
  Zenata (Vaults:1)
  2 tentacled monstrosities (Depths:3)
  Mlioglotl (Lair:2)
  5 deep elf blademasters (Elf:3)
  4 deep elf master archers (Elf:3)
  A titan (Vaults:5)
  A quicksilver dragon (Vaults:5)
  A walking frostbound tome (Depths:3)
  5 sphinxes
  2 krakens (Shoals:3)
  Agnes (D:15)
  4 shadow dragons
  8 tengu reavers
  4 storm dragons
  9 fire giants
  A draconian knight (Depths:4)
  6 ghost moths
  An emperor scorpion (Spider:2)
  An iron dragon (Depths:3)
  7 deep elf sorcerers
  7 frost giants
  Louise (D:15)
  A draconian scorcher (Depths:4)
  17 vault wardens
  2 orc warlords
  5 deep elf elementalists (Elf:3)
  3 war gargoyles
  2 broodmothers (Spider:3)
  3 spriggan defenders
  16 ironbound preservers
  12 stone giants
  A green draconian (Depths:4)
  22 very ugly things
  8 ironbound thunderhulks
  2 deep elf demonologists
  A black draconian (Depths:4)
  A yellow draconian (Depths:4)
  3 deep elf annihilators (Elf:3)
  2 red draconians (Depths:4)
  A white draconian (Depths:4)
  6 deep elf death magi
  8 spark wasps
  5 entropy weavers
  2 crystal guardians (Vaults:2)
  A blizzard demon (Depths:4)
  8 dire elephants
  13 ettins
  3 merfolk javelineers (Shoals:4)
  2 deep elf high priests
  4 fire dragons
  13 yaktaur captains
  15 merfolk impalers
  3 jiangshi (Depths:4)
  7 spriggan air magi
  5 hydras
  9 ice dragons
  2 jorogumos
  9 ironbound frosthearts
  A catoblepas (Lair:2)
  3 great orbs of eyes
  2 peacekeepers
  A spriggan skeleton (D:15)
  2 ogre magi (D:15)
  A juggernaut simulacrum (Depths:3)
  26 vault guards
  5 merfolk avatars
  3 radroaches
  8 rakshasas
  11 centaur warriors
  3 alligator snapping turtles (Shoals:4)
  A death knight (D:13)
  9 two-headed ogres (D:15)
  3 dancing weapons
  3 satyrs
  2 merfolk aquamancers (Shoals:4)
  12 boulder beetles
  4 deep troll shamans
  2 vampire magi
  3 tengu warriors
  7 deep troll earth magi
  3 soul eaters
  2 orc high priests (Orc:2)
  8 hell knights
  4 spriggan berserkers
  22 deep elf knights
  A sun demon (Depths:1)
  3 skysharks
  3 iron trolls (Depths:2)
  A sixfirhy (Depths:1)
  14 skeletal warriors
  55 deep trolls
  5 glowing orange brains
  7 pharaoh ants
  A glowing orange brain (shapeshifter) (Vaults:5)
  3 orb spiders
  3 flayed ghosts
  A goliath frog (shapeshifter) (Vaults:5)
  5 sun moths
  9 sea snakes
  13 steelbarb worms
  A phantasmal warrior (D:15)
  10 deep elf archers
  7 lindwurms
  16 ironbound convokers
  A kraken simulacrum (Shoals:4)
  A harpy (shapeshifter) (D:14)
  30 deep elf pyromancers
  7 wizards
  24 harpies
  4 necromancers
  A shadow dragon skeleton (Depths:1)
  An iron dragon zombie (Depths:1)
  33 deep elf zephyrmancers
  A steelbarb worm (shapeshifter) (D:14)
  8 orc knights
  A tengu skeleton (Vaults:3)
  2 orc sorcerers
  12 manticores
  22 fauns
  27 wolf spiders
  41 ugly things
  A manticore (shapeshifter) (Vaults:5)
  4 moths of wrath
  5 cyclopes
  2 stone giant skeletons
  A frost giant zombie (D:15)
  30 slime creatures
  A frost giant skeleton (Vaults:3)
  14 merfolk sirens
  2 black mambas
  14 vault sentinels
  A rust devil (Depths:4)
  11 demonic crawlers
  4 water nymphs
  9 torpor snails
  4 elephants
  A gargoyle (D:13)
  2 smoke demons (Depths:4)
  15 cane toads
  2 unseen horrors
  41 yaktaurs
  4 kobold demonologists
  2 efreet (D:14)
  A hellion (Depths:1)
  A tormentor (Depths:3)
  A spark wasp simulacrum (Depths:3)
  A rime drake (Lair:5)
  7 komodo dragons
  A red devil (Depths:3)
  A tengu conjurer (Depths:4)
  A yaktaur skeleton (Vaults:3)
  2 ice devils
  A golden dragon simulacrum (Depths:3)
  A hellwing (Depths:4)
  37 merfolk
  A tyrant leech (Lair:5)
  9 trolls
  2 hornets
  11 meliai
  7 wind drakes
  2 polar bears
  3 spriggan zombies
  5 human skeletons (Vaults:3)
  15 tarantellas
  23 blink frogs
  8 dream sheep
  12 snapping turtles
  19 culicivoras
  3 spriggans
  A spriggan (shapeshifter) (D:14)
  24 jumping spiders
  3 wyverns
  3 wraiths
  2 ynoxinuls (Depths:4)
  A culicivora (shapeshifter) (D:15)
  5 shadows
  A vampire (D:10)
  An ettin skeleton (Vaults:3)
  3 water elementals
  An elf skeleton (Vaults:3)
  2 air elementals
  A yak (shapeshifter) (Elf:1)
  A basilisk (D:11)
  17 yaks
  9 vampire mosquitoes
  2 neqoxecs
  41 redbacks
  4 wargs
  A death yak simulacrum (IceCv)
  A floating eye (shapeshifter) (Vaults:5)
  7 water moccasins
  A glowing shapeshifter skeleton (Vaults:3)
  2 sky beasts
  An ice beast (D:8)
  25 orc warriors
  2 black bears
  7 ogres
  13 wolves
  9 boggarts
  2 centaurs
  A phantom (D:6)
  10 kobold brigands
  3 nameless horrors
  A gnoll sergeant (D:10)
  8 bullfrogs
  2 earth elementals
  21 killer bees
  10 electric eels
  5 howler monkeys
  2 hounds
  A jelly (D:4)
  14 orc priests
  A gnoll bouda (D:8)
  13 orc wizards
  2 sleepcaps
  Ijyb (D:3)
  An iguana (D:6)
  Robin (D:3)
  16 gnolls
  10 adders
  A naga simulacrum (IceCv)
  4 river rats (Sewer)
  A shadow imp (D:7)
  15 white imps
  2 ufetubi (D:4)
  8 worms
  4 dart slugs
  59 orcs
  12 ball pythons
  11 endoplasms
  21 goblins
  10 hobgoblins
  6 jackals (D:2)
  A quokka (D:4)
  5 bats
  2 frilled lizards
  30 kobolds
  11 rats
  2 tentacles (Shoals:3)
1694 creatures vanquished.

Vanquished Creatures (collateral kills)
  A walking divine tome (Depths:2)
  An orc warlord (Orc:2)
  A very ugly thing (Vaults:2)
  A deep elf death mage (Elf:3)
  3 hydras
  Fannar (Lair:2)
  A two-headed ogre (D:11)
  A catoblepas (Lair:5)
  14 dancing weapons
  An orc high priest (Orc:2)
  2 skysharks
  A skeletal warrior (D:15)
  A goliath frog (Lair:5)
  A pharaoh ant (Spider:2)
  2 slime creatures (Vaults:1)
  An ugly thing (Vaults:1)
  A manticore (shapeshifter) (Depths:2)
  3 elephants (Lair:5)
  3 black mambas
  8 cane toads
  2 rime drakes
  3 komodo dragons
  A polar bear (Lair:5)
  4 blink frogs
  A snapping turtle (shapeshifter) (Elf:2)
  3 water elementals (Shoals:1)
  2 wyverns (Lair:1)
  A basilisk (D:11)
  13 yaks
  2 fire elementals (Elf:3)
  A vampire mosquito (Lair:5)
  A glowing shapeshifter zombie (Depths:1)
  An acid dragon (D:11)
  3 wolves
  3 bullfrogs
  An earth elemental (Elf:3)
  3 wights (D:7)
93 creatures vanquished.

Vanquished Creatures (others)
  A frost giant (Depths:2)
  An ice dragon (Depths:2)
  A hydra (Lair:3)
  A vampire mage (Depths:3)
  A skyshark (Lair:4)
  An oklob plant (Lair:1)
  An elephant (D:11)
  A cane toad (Lair:2)
  Maggie (D:8)
  A rime drake (Lair:2)
  An ice devil (IceCv)
  A fire giant simulacrum (Depths:3)
  2 yaks (Lair:2)
  2 water moccasins
  An orc warrior (D:7)
  2 gnoll sergeants
  A cane toad simulacrum (IceCv)
  2 killer bees (D:8)
  A wolf simulacrum (IceCv)
  4 gnolls
  4 bushes (D:15)
  62 fungi
  181 plants
  21 tentacles
  4 withered plants (D:15)
299 creatures vanquished.

Grand Total: 2086 creatures vanquished

Notes
Turn   | Place    | Note
-------+----------+-------------------------------------------
     0 | D:1      | ragingrage the Gnoll Artificer began the quest for the Orb.
     0 | D:1      | Reached XP level 1. HP: 17/17 MP: 1/1
   200 | D:1      | Reached XP level 2. HP: 19/23 MP: 2/2
   368 | D:1      | Learned a level 1 spell: Sting
   977 | D:2      | Reached XP level 3. HP: 28/28 MP: 3/3
   986 | D:2      | Learned a level 2 spell: Poisonous Vapours
  1216 | D:2      | Reached skill level 1 in Invocations
  1571 | D:3      | Reached skill level 1 in Short Blades
  1571 | D:3      | Reached skill level 1 in Long Blades
  1571 | D:3      | Reached skill level 1 in Axes
  1571 | D:3      | Reached skill level 1 in Maces & Flails
  1571 | D:3      | Reached skill level 1 in Polearms
  1571 | D:3      | Reached skill level 1 in Staves
  1571 | D:3      | Reached skill level 1 in Ranged Weapons
  1571 | D:3      | Reached skill level 1 in Throwing
  1571 | D:3      | Reached skill level 1 in Shields
  1571 | D:3      | Reached skill level 1 in Unarmed Combat
  1571 | D:3      | Reached skill level 1 in Spellcasting
  1642 | D:3      | Noticed Robin
  1674 | D:3      | Reached XP level 4. HP: 33/34 MP: 5/5
  1693 | D:3      | Killed Robin
  1811 | D:2      | Reached skill level 1 in Conjurations
  1811 | D:2      | Reached skill level 1 in Hexes
  1811 | D:2      | Reached skill level 1 in Summonings
  1811 | D:2      | Reached skill level 1 in Necromancy
  1811 | D:2      | Reached skill level 1 in Translocations
  1811 | D:2      | Reached skill level 1 in Transmutations
  1811 | D:2      | Reached skill level 1 in Fire Magic
  1811 | D:2      | Reached skill level 1 in Ice Magic
  1811 | D:2      | Reached skill level 1 in Air Magic
  1811 | D:2      | Reached skill level 1 in Earth Magic
  1811 | D:2      | Reached skill level 1 in Poison Magic
  2164 | D:3      | Noticed Ijyb
  2179 | D:3      | Killed Ijyb
  2180 | D:3      | Reached XP level 5. HP: 40/40 MP: 5/7
  2296 | D:3      | Found a glowing silver altar of Zin.
  2423 | D:3      | Found a runed translucent door.
  2424 | D:3      | Noticed lesbiats's ghost (amateur OgFi)
  2804 | D:3      | Noticed an ogre
  3056 | D:4      | Found a staircase to the Ecumenical Temple.
  3059 | D:4      | Reached XP level 6. HP: 47/47 MP: 8/8
  3067 | Temple   | Entered the Ecumenical Temple
  3119 | Temple   | Became a worshipper of Ashenzari the Shackled
  3161 | D:4      | Got the Tractate on the Fiery Legion
  3236 | D:4      | Found a white marble altar of Elyvilon.
  3354 | D:4      | Learned a level 3 spell: Summon Guardian Golem
  3365 | D:4      | Reached skill level 5 in Armour
  3774 | D:4      | Found an ornate altar of the Wu Jian Council.
  3942 | D:5      | Entered Level 5 of the Dungeon
  3983 | D:5      | Noticed a black bear
  3992 | D:5      | Killed a black bear
  3993 | D:5      | Reached XP level 7. HP: 39/52 MP: 6/10
  4008 | D:5      | Found a glowing drain.
  4055 | Sewer    | Entered a sewer
  4923 | Sewer    | Reached * piety under Ashenzari
  5218 | D:5      | Noticed a nameless horror
  5240 | D:6      | Killed a nameless horror
  5294 | D:5      | Reached XP level 8. HP: 39/60 MP: 4/12
  5451 | D:6      | Found a snail-covered altar of Cheibriados.
  5744 | D:6      | Reached ** piety under Ashenzari
  5951 | D:6      | Found a basalt altar of Yredelemnul.
  6487 | D:6      | Found an opulent altar of Gozag.
  6735 | D:7      | Reached XP level 9. HP: 68/69 MP: 16/16
  6918 | D:7      | Found an iron altar of Okawaru.
  6943 | D:7      | Reached skill level 5 in Fighting
  6943 | D:7      | Reached skill level 5 in Dodging
  6980 | D:7      | Reached skill level 5 in Stealth
  7095 | D:7      | Found a stormy altar of Qazlal.
  7546 | D:7      | Reached skill level 5 in Invocations
  7977 | D:8      | Noticed Maggie
  8181 | D:8      | Found a radiant altar of Vehumet.
  8282 | D:7      | Upgraded the game from 0.30-a0-965-g42e074c17a to
                  | 0.30-a0-972-gf3ab3527aa
  8477 | D:8      | Killed Maggie
  8478 | D:8      | Reached skill level 5 in Short Blades
  8478 | D:8      | Reached skill level 5 in Long Blades
  8478 | D:8      | Reached skill level 5 in Axes
  8478 | D:8      | Reached skill level 5 in Maces & Flails
  8478 | D:8      | Reached skill level 5 in Polearms
  8478 | D:8      | Reached skill level 5 in Staves
  8478 | D:8      | Reached skill level 5 in Ranged Weapons
  8478 | D:8      | Reached skill level 5 in Throwing
  8478 | D:8      | Reached skill level 5 in Shields
  8478 | D:8      | Reached skill level 5 in Unarmed Combat
  8478 | D:8      | Reached skill level 5 in Spellcasting
  8478 | D:8      | Reached XP level 10. HP: 44/77 MP: 1/19
  8717 | D:8      | Reached *** piety under Ashenzari
  9699 | D:9      | Noticed an unseen horror
  9713 | D:9      | Killed an unseen horror
 10156 | D:9      | Learned a level 4 spell: Olgreb's Toxic Radiance
 10363 | D:9      | Reached **** piety under Ashenzari
 10526 | D:10     | Entered Level 10 of the Dungeon
 10577 | D:10     | Noticed Psyche
 10580 | D:10     | Psyche changed into Psyche the water moccasin
 10580 | D:10     | Noticed Psyche
 10602 | D:10     | Killed Psyche the water moccasin
 10914 | D:10     | Found a sacrificial altar of Ru.
 10917 | D:10     | Noticed a kobold demonologist
 10922 | D:10     | Noticed a kobold demonologist
 10927 | D:10     | Noticed a soul eater
 10928 | D:10     | Noticed a kobold demonologist
 10938 | D:10     | Killed a kobold demonologist
 10951 | D:10     | Killed a kobold demonologist
 10957 | D:10     | Killed a kobold demonologist
 10958 | D:10     | Reached skill level 5 in Conjurations
 10958 | D:10     | Reached skill level 5 in Hexes
 10958 | D:10     | Reached skill level 5 in Summonings
 10958 | D:10     | Reached skill level 5 in Necromancy
 10958 | D:10     | Reached skill level 5 in Translocations
 10958 | D:10     | Reached skill level 5 in Transmutations
 10958 | D:10     | Reached skill level 5 in Fire Magic
 10958 | D:10     | Reached skill level 5 in Ice Magic
 10958 | D:10     | Reached skill level 5 in Air Magic
 10958 | D:10     | Reached skill level 5 in Earth Magic
 10958 | D:10     | Reached skill level 5 in Poison Magic
 10958 | D:10     | Reached XP level 11. HP: 82/89 MP: 3/23
 11154 | D:10     | Found a transporter.
 11195 | D:10     | Noticed a tengu warrior
 11196 | D:10     | Noticed a two-headed ogre
 11197 | D:10     | Noticed a two-headed ogre
 11197 | D:10     | Noticed Juicyj's ghost (journeyman MiFi)
 11201 | D:10     | Found a bloodstained altar of Trog.
 11209 | D:10     | Noticed a moth of wrath
 11211 | D:10     | Found a transporter.
 11383 | D:10     | Found a shimmering altar of Xom.
 11553 | D:10     | Found a staircase to the Orcish Mines.
 11691 | D:11     | Found a frozen archway.
 11842 | D:11     | Learned a level 2 spell: Passwall
 11843 | IceCv    | Entered an ice cave
 11934 | IceCv    | Learned a level 3 spell: Stone Arrow
 11939 | IceCv    | Learned a level 4 spell: Animate Armour
 12546 | D:11     | Found a staircase to the Lair.
 12572 | D:11     | Noticed a two-headed ogre
 12590 | D:11     | Killed a two-headed ogre
 13182 | D:11     | Found an iron altar of Okawaru.
 13191 | D:11     | Reached ***** piety under Ashenzari
 13327 | Lair:1   | Entered Level 1 of the Lair of Beasts
 13431 | Lair:1   | Found an opulent altar of Gozag.
 13431 | Lair:1   | Noticed an oklob plant
 13844 | Lair:1   | Reached XP level 12. HP: 99/99 MP: 10/26
 14729 | Lair:2   | Noticed Fannar
 15091 | Lair:2   | Noticed a four-headed hydra
 15101 | Lair:2   | Killed a four-headed hydra
 15102 | Lair:2   | Reached skill level 10 in Evocations
 15169 | Lair:2   | Noticed a four-headed hydra
 15262 | Lair:2   | Killed a four-headed hydra
 15398 | Lair:2   | Noticed a catoblepas
 15421 | Lair:2   | Killed a catoblepas
 15438 | Lair:2   | Killed Fannar
 15636 | Lair:2   | Noticed a skyshark
 15651 | Lair:2   | Killed a skyshark
 15885 | Lair:2   | Learned a level 5 spell: Irradiate
 16033 | Lair:2   | Found a hole to the Spider Nest.
 16067 | Lair:2   | Reached XP level 13. HP: 107/107 MP: 16/28
 16526 | Lair:3   | Found a staircase to the Shoals.
 17632 | Lair:4   | Learned a level 5 spell: Plasma Beam
 17891 | Lair:5   | Entered Level 5 of the Lair of Beasts
 18219 | Lair:4   | Identified the +0 ring mail of Lugonu's Indignation {rF+
                  | Str+4}
 18245 | Lair:4   | Found a staircase to the Slime Pits.
 18408 | Lair:4   | Found a viscous altar of Jiyva.
 19224 | Lair:5   | Identified the +1 flail of Fuwnaca {heavy, rPois rN+}
 19283 | Lair:5   | Reached skill level 10 in Armour
 19966 | Lair:5   | Reached XP level 14. HP: 116/116 MP: 14/30
 19987 | Lair:5   | Reached skill level 10 in Invocations
 21505 | Lair:5   | Identified the +4 morningstar "Toduif" {pain, rC- rN+ Str+7
                  | Stlth+}
 22443 | Orc:1    | Entered Level 1 of the Orcish Mines
 22483 | Orc:1    | Reached skill level 10 in Fighting
 22483 | Orc:1    | Reached skill level 10 in Dodging
 22605 | Orc:1    | Reached ****** piety under Ashenzari
 22630 | Orc:2    | Entered Level 2 of the Orcish Mines
 22660 | Orc:1    | Reached skill level 10 in Stealth
 22882 | Orc:2    | Found Gylet's Antique Armour Boutique.
 22890 | Orc:2    | Noticed an orc warlord
 22904 | Orc:2    | Killed an orc warlord
 23699 | Orc:2    | Found a staircase to the Elven Halls.
 23970 | Orc:2    | Found Totsenas's Jewellery Shoppe.
 24176 | Orc:2    | Found Kaugouk's Antique Weapon Emporium.
 24267 | Orc:2    | Found Nyrig's General Store.
 24330 | Orc:2    | Found Vizeozxu's Book Emporium.
 24492 | Orc:2    | Bought a Trismegistus Codex for 364 gold pieces
 24496 | Orc:2    | Learned a level 3 spell: Ignite Poison
 24502 | Orc:2    | Learned a level 5 spell: Freezing Cloud
 24669 | Orc:1    | Found Iplawnox's Antique Armour Shoppe.
 24678 | Orc:1    | Bought an ichor-stained scale mail for 288 gold pieces
 24678 | Orc:1    | Identified the +7 scale mail of Light {rN++} (You bought it
                  | in a shop on level 1 of the Orcish Mines)
 24888 | Orc:2    | Bought a twisted scale mail for 153 gold pieces
 24888 | Orc:2    | Identified the +4 scale mail of the Dolphin {rN+ Int+3
                  | Slay-3} (You bought it in a shop on level 2 of the Orcish
                  | Mines)
 24888 | Orc:2    | Bought a pair of glowing boots for 127 gold pieces
 25030 | Shoals:1 | Entered Level 1 of the Shoals
 25079 | Shoals:1 | Reached skill level 10 in Short Blades
 25079 | Shoals:1 | Reached skill level 10 in Long Blades
 25079 | Shoals:1 | Reached skill level 10 in Axes
 25079 | Shoals:1 | Reached skill level 10 in Maces & Flails
 25079 | Shoals:1 | Reached skill level 10 in Polearms
 25079 | Shoals:1 | Reached skill level 10 in Staves
 25079 | Shoals:1 | Reached skill level 10 in Ranged Weapons
 25079 | Shoals:1 | Reached skill level 10 in Throwing
 25079 | Shoals:1 | Reached skill level 10 in Shields
 25079 | Shoals:1 | Reached skill level 10 in Unarmed Combat
 25079 | Shoals:1 | Reached skill level 10 in Spellcasting
 25259 | Shoals:1 | Reached XP level 15. HP: 113/124 MP: 8/32
 25836 | Shoals:1 | Identified the +10 falchion of Egomania {heavy, rF+++ rC-
                  | Will- rCorr}
 26771 | Shoals:2 | Upgraded the game from 0.30-a0-972-gf3ab3527aa to
                  | 0.30-a0-986-g7f2e898f52
 27725 | Shoals:3 | Noticed a kraken
 27811 | Shoals:3 | Killed a kraken
 28462 | Shoals:3 | Noticed a kraken
 28483 | Shoals:3 | Killed a kraken
 28795 | Shoals:3 | Reached XP level 16. HP: 118/134 MP: 9/34
 29251 | Shoals:3 | Identified the +7 mace of the Skies Above {freeze, rF+}
 29328 | Shoals:3 | Found Kablode's CLEARANCE SALE!.
 29335 | Shoals:3 | Bought a potion of brilliance for 16 gold pieces
 29709 | Shoals:4 | Entered Level 4 of the Shoals
 29840 | Shoals:4 | Identified a scroll of acquirement
 29855 | Shoals:4 | Identified the +12 great sword "Zodwafaf" {spect, rC+}
 31255 | Shoals:4 | Got a barnacled rune of Zot
 31280 | Shoals:4 | Acquired the ring "Berphiaf" {Fly rF+ Will+ Slay+4}
 31601 | Shoals:4 | Identified the +2 morningstar of Moderation {freeze,
                  | Fragile Str+4 SInv}
 32496 | Shoals:4 | Identified the amulet of Wostoa Kosu {Faith rCorr Stlth+}
 32922 | Spider:1 | Entered Level 1 of the Spider Nest
 32922 | Spider:1 | Noticed Mlioglotl
 32932 | Lair:2   | Killed Mlioglotl
 33388 | Spider:1 | Reached XP level 17. HP: 141/142 MP: 4/35
 34000 | Spider:1 | Reached skill level 10 in Conjurations
 34000 | Spider:1 | Reached skill level 10 in Hexes
 34000 | Spider:1 | Reached skill level 10 in Summonings
 34000 | Spider:1 | Reached skill level 10 in Necromancy
 34000 | Spider:1 | Reached skill level 10 in Translocations
 34000 | Spider:1 | Reached skill level 10 in Transmutations
 34000 | Spider:1 | Reached skill level 10 in Fire Magic
 34000 | Spider:1 | Reached skill level 10 in Ice Magic
 34000 | Spider:1 | Reached skill level 10 in Air Magic
 34000 | Spider:1 | Reached skill level 10 in Earth Magic
 34000 | Spider:1 | Reached skill level 10 in Poison Magic
 35655 | Spider:2 | Noticed Arachne
 35656 | Spider:2 | Killed Arachne
 40435 | Spider:4 | Entered Level 4 of the Spider Nest
 40663 | Spider:4 | Noticed Bai Suzhen
 40665 | Spider:4 | Killed Bai Suzhen
 40666 | Spider:4 | Reached XP level 18. HP: 144/148 MP: 29/36
 42563 | Spider:4 | Learned a level 7 spell: Dragon Form
 42651 | Spider:4 | Identified the cursed +0 cloak of Ashenzari's Gloom {Cun,
                  | Self} (You found it on level 2 of the Dungeon)
 42651 | Spider:4 | Identified the cursed +2 helmet of Ashenzari's Repose
                  | {Comp, Alch} (You found it on level 2 of the Dungeon)
 42651 | Spider:4 | Identified the cursed +2 pair of gloves of Ashenzari's
                  | Comet {Alch, Evo} (You found it on level 3 of the Dungeon)
 42651 | Spider:4 | Identified the cursed +1 pair of boots "Comet of the
                  | Soothsayer" {Fly, Alch, Bglg} (You bought it in a shop on
                  | level 2 of the Orcish Mines)
 42651 | Spider:4 | Identified the cursed +0 buckler "Per Aspera Ad Scientiam"
                  | {Comp, Evo} (You found it on level 7 of the Dungeon)
 44921 | Spider:4 | Got a gossamer rune of Zot
 45264 | Elf:1    | Entered Level 1 of the Elven Halls
 45459 | D:12     | Identified the +10 mace "Tyaneb" {flame, MP+9}
 45519 | D:12     | Learned a level 2 spell: Wereblood
 45925 | D:12     | Found a transporter.
 45997 | D:12     | Acquired the amulet of Zygusosm {Reflect rElec Int+2 Dex+3
                  | SH+5}
 46011 | D:12     | Found a transporter.
 46012 | D:12     | Found a corrupted altar of Lugonu.
 46028 | D:13     | Found a runed translucent door.
 46028 | D:13     | Found a runed translucent door.
 46078 | D:13     | Noticed a lich
 46078 | D:13     | Noticed Dodiz's ghost (journeyman BaFi)
 46080 | D:13     | Found the +16 obsidian axe {drain, demonic, Mesm Drain Fly
                  | SInv}
 47416 | D:13     | Learned a level 3 spell: Swiftness
 47571 | D:14     | Identified the +4 mace of Sompiowe {heavy, Dex+3}
 47900 | D:14     | Identified the cursed +0 kite shield of the Eye in the Sky
                  | {Alch, Fort} (You found it on level 11 of the Dungeon)
 48119 | D:14     | Found a gate to the Vaults.
 48245 | D:15     | Entered Level 15 of the Dungeon
 48488 | D:15     | Noticed Louise
 48628 | D:15     | Killed Louise
 48833 | D:15     | Found a shadowy altar of Dithmenos.
 49065 | D:15     | Found a staircase to the Depths.
 49070 | D:15     | Reached XP level 19. HP: 150/150 MP: 20/36
 49423 | D:15     | Noticed Agnes
 49428 | D:15     | Killed Agnes
 49499 | D:15     | Found a runed translucent door.
 49501 | D:15     | Identified the +5 spear of Responsibility {antimagic, rPois
                  | Str+6 Dex-3}
 49503 | D:15     | Noticed Usinnox's ghost (journeyman OpFi)
 50723 | Elf:1    | Identified the Monograph on Accompaniment
 50964 | D:13     | Learned a level 6 spell: Summon Cactus Giant
 52395 | Elf:2    | Reached skill level 15 in Evocations
 52574 | Elf:2    | Found Puozyu's Distillery.
 52582 | Elf:2    | Bought 2 potions of heal wounds for 140 gold pieces
 52582 | Elf:2    | Bought a potion of brilliance for 56 gold pieces
 52709 | Elf:2    | Paralysed by an air elemental for 1 turns
 52940 | Elf:2    | Found a runed translucent gate.
 52941 | Elf:2    | Found a runed translucent gate.
 52941 | Elf:2    | Found a runed translucent gate.
 53015 | Elf:2    | Identified the +1 trident of Yzeregux {freeze, Str+3}
 53286 | Elf:3    | Entered Level 3 of the Elven Halls
 53390 | Elf:3    | Found a portal to a secret trove of treasure.
 53809 | Elf:3    | Reached skill level 15 in Invocations
 54535 | Elf:3    | Reached XP level 20. HP: 165/165 MP: 27/39
 54820 | Elf:3    | Paralysed by an air elemental for 1 turns
 55107 | Orc:2    | Bought a book of the Earth for 468 gold pieces
 55207 | Elf:2    | Learned a level 5 spell: Lee's Rapid Deconstruction
 56645 | Elf:3    | Identified the +9 plate armour "Tikuhaav" {rPois rC+++
                  | Dex-3 SInv}
 56645 | Elf:3    | Identified the ring of Faekloed {Will+ Int+6}
 56847 | Elf:3    | Identified the staff of fire "Nutoag" {*Slow rF+ Will++
                  | Str+2 Stlth+}
 57052 | Elf:3    | Identified the staff of death "Ygrem" {rElec rPois rN+
                  | Dex-2}
 57055 | Elf:3    | Identified the +3 short sword "Dophefe" {drain, Will+++
                  | Int-5 SInv Stlth-}
 57056 | Elf:3    | Identified the +8 chain mail of Feral Brilliance {rElec rC+
                  | Will+}
 57096 | Elf:3    | Identified the +6 short sword of the Equinox {vamp, Fragile
                  | rPois Str+2}
 57097 | Elf:3    | Identified the +10 long sword of Annoyance {chaos, Dex+2}
 57107 | Elf:3    | Identified the +1 sling of Laceration {flame, rF+ Int+2
                  | Dex+7}
 57110 | Elf:3    | Identified the +8 rapier of the Destroying Gods {venom,
                  | rElec Dex+3}
 57527 | Vaults:1 | Entered Level 1 of the Vaults
 57837 | Vaults:1 | Reached skill level 15 in Armour
 59295 | Vaults:1 | Reached XP level 21. HP: 172/172 MP: 14/41
 59752 | Vaults:1 | Identified the cursed +2 dagger of Supernal Gnosis {venom,
                  | Evo, Elem} (You took it off a goblin on level 3 of the
                  | Dungeon)
 60584 | Vaults:1 | Reached skill level 15 in Fighting
 60584 | Vaults:1 | Reached skill level 15 in Dodging
 60635 | Vaults:1 | Noticed Zenata
 60646 | Vaults:1 | Killed Zenata
 60895 | Vaults:2 | Reached skill level 15 in Stealth
 61585 | Vaults:2 | Noticed Frederick
 61590 | Vaults:2 | Killed Frederick
 62117 | Vaults:2 | Reached skill level 15 in Short Blades
 62117 | Vaults:2 | Reached skill level 15 in Long Blades
 62117 | Vaults:2 | Reached skill level 15 in Axes
 62117 | Vaults:2 | Reached skill level 15 in Maces & Flails
 62117 | Vaults:2 | Reached skill level 15 in Polearms
 62117 | Vaults:2 | Reached skill level 15 in Staves
 62117 | Vaults:2 | Reached skill level 15 in Ranged Weapons
 62117 | Vaults:2 | Reached skill level 15 in Throwing
 62117 | Vaults:2 | Reached skill level 15 in Shields
 62117 | Vaults:2 | Reached skill level 15 in Unarmed Combat
 62117 | Vaults:2 | Reached skill level 15 in Spellcasting
 62208 | Vaults:2 | Noticed a golden dragon
 62209 | Vaults:2 | Found Gozag's Assorted Antiques.
 62232 | Vaults:2 | Killed a golden dragon
 62328 | Vaults:2 | Identified the cursed +2 pair of gloves of the Profound
                  | Cosmos {Str+3, Cun, Self} (You found it on level 4 of the
                  | Spider Nest)
 62595 | Vaults:2 | Found an opulent altar of Gozag.
 62595 | Vaults:2 | Found Gozag's Antique Weapon Shoppe.
 62629 | Vaults:2 | Found Gozag's Antique Armour Shoppe.
 62798 | Vaults:2 | Bought a pair of glimmering gloves for 950 gold pieces
 62798 | Vaults:2 | Identified the +1 pair of gloves of Gozag's Benevolence
                  | {rN+ Regen+ Dex+4} (You bought it in a shop on level 2 of
                  | the Vaults)
 62809 | Vaults:2 | Bought a glowing cloak for 750 gold pieces
 64214 | Vaults:3 | Reached XP level 22. HP: 176/176 MP: 24/41
 66534 | Vaults:3 | Found a staircase to the Crypt.
 67872 | Vaults:4 | Found Vayqampest's Antique Weapon Emporium.
 68285 | Depths:1 | Entered Level 1 of the Depths
 68285 | Depths:1 | Found the +8 autumn katana {manifold assault}
 68545 | Vaults:4 | Bought an ancient scimitar for 396 gold pieces
 68545 | Vaults:4 | Identified the +3 scimitar "Gaakorch" {protect, Will+ rCorr
                  | Dex+3} (You bought it in a shop on level 4 of the Vaults)
 68929 | Depths:1 | Found a gateway to Hell.
 69497 | Depths:1 | Found an ancient bone altar of Kikubaaqudgha.
 69557 | Depths:1 | Found a one-way gate leading to the halls of Pandemonium.
 69970 | Depths:2 | Found a runed translucent gate.
 69971 | Depths:2 | Found a runed translucent gate.
 69971 | Depths:2 | Found a runed translucent gate.
 69972 | Depths:2 | Noticed Doumn's ghost (veteran GnFi)
 69972 | Depths:2 | Noticed Camaan's ghost (adept DgCj)
 69973 | Depths:2 | Identified the +0 helmet of Riosun {rElec}
 70009 | Depths:2 | Learned a level 4 spell: Manifold Assault
 70086 | Depths:2 | Identified the ring "Cynint" {+Blink rElec rC+ rCorr Int-3}
 70105 | Depths:2 | Noticed a caustic shrike
 70105 | Depths:2 | Identified the staff of air "Enogir" {rElec MP+9 Str-4
                  | Int-3 Stlth+}
 70300 | Depths:3 | Found Vuehes's Weapon Shoppe.
 70378 | Depths:3 | Reached XP level 23. HP: 184/184 MP: 9/42
 70727 | Depths:2 | Noticed Sojobo
 70731 | Depths:2 | Paralysed by an air elemental for 1 turns
 71063 | Depths:3 | Identified the ring of Jeefus {Ice Drain rPois Int+2
                  | Slay+2}
 71063 | Depths:3 | Noticed Josephina
 71088 | Depths:3 | Killed Josephina
 71430 | Depths:3 | Noticed a golden dragon
 71451 | Depths:3 | Killed a golden dragon
 71779 | Depths:3 | Found a hazy altar of Hepliaklqana.
 71967 | Depths:2 | Killed a caustic shrike
 72207 | Depths:2 | Killed Sojobo
 72749 | Depths:2 | Found a bloodstained altar of Trog.
 72931 | Depths:3 | Found a one-way gate to the infinite horrors of the Abyss.
 73051 | Depths:3 | Identified the +0 robe of the Kettle-Drum {Int+4}
 73245 | Depths:3 | Noticed a golden dragon
 73255 | Depths:3 | Killed a golden dragon
 73568 | Depths:3 | Noticed a juggernaut
 73580 | Depths:3 | Killed a juggernaut
 73704 | Depths:4 | Entered Level 4 of the Depths
 73840 | Depths:4 | Found Jorogheh's Antique Weapon Shoppe.
 73840 | Depths:4 | Found Fuycojom's Antique Weapon Emporium.
 74135 | Depths:4 | Reached XP level 24. HP: 200/200 MP: 45/45
 75243 | Depths:4 | Found a gate to the Realm of Zot.
 75525 | Depths:4 | Found a one-way gateway to a ziggurat.
 76808 | Elf:2    | Bought a potion of curing for 42 gold pieces
 76808 | Elf:2    | Bought 3 potions of curing for 126 gold pieces
 76808 | Elf:2    | Bought a potion of heal wounds for 70 gold pieces
 76808 | Elf:2    | Bought a potion of might for 56 gold pieces
 76808 | Elf:2    | Bought a potion of heal wounds for 70 gold pieces
 77138 | Vaults:5 | Entered Level 5 of the Vaults
 77142 | Vaults:5 | Noticed a dread lich
 77155 | Vaults:5 | Killed a dread lich
 77229 | Vaults:5 | Killed from afar by a titan

Illustrated notes

Levels and vault maps discovered:
D:1:      shiori_arrival_elements, layout_basic, grunt_decor_resistance
D:2:      layout_basic
D:3:      layout_loops_ring, mainiacjoe_overflow_24_doors,
          gammafunk_ghost_grave, minmay_ogre_servants, uniq_robin, uniq_ijyb
D:4:      minmay_skewed_foursquare, layout_basic,
          pdpol_wu_jian_five_deadly_venoms, lemuel_tele_altar,
          minmay_temple_entry_mini_moons
D:5:      layout_cave_pods, cheibrodos_sewer_entry_sluice,
          minmay_misc_feat_roman
D:6:      layout_loops_corners, mainiacjoe_overflow_small_starburst,
          grunt_gozag_breadcrumbs, overflow_temple_1_default, nicolae_titane
D:7:      layout_loops_cross, mainiacjoe_overflow_big_doors, st_stairs_10
D:8:      layout_cave_pools, lemuel_crystal_altar, uniq_maggie
D:9:      layout_gridville
D:10:     layout_roguey, nicolae_ru_awakened_eye, marbit_many_paths,
          hiddenorc1_lemuel, gammafunk_ghost_wrathful_warriors, uniq_psyche
D:11:     layout_gridville, david_lair_generic, portal_ice_cave_entry_imps,
          okawaru_trees_1
D:12:     gammafunk_corrupted_shrine, layout_rooms
D:13:     layout_basic, muffindrake_ghost_dual_entry
D:14:     layout_cave_pools, david_vaults_2, infiniplex_staircase_zigzag_4
D:15:     gammafunk_depths_entry_grave, layout_cave_pools,
          ebering_ghost_funeral_grove, serial_park_square1
          [serial_park_minivault_5x5_2], nicolae_dithmenos_shadow_blocks,
          uniq_agnes, uniq_louise
Temple:   nicolae_temple_ecumenical_triangle
Lair:1:   layout_misc_corridors, grunt_forest_stairs_basic, lemuel_oklob_altar
Lair:2:   layout_chaotic_city, hellmonk_spider_entry_not_the_bees, uniq_fannar
Lair:3:   layout_roguey, elwin_shoals_entry_rocks
Lair:4:   layout_gridlike, slime_entry_1, grunt_forest_large_clearing_hut
Lair:5:   minmay_lair_end_frog_pond, layout_small_grid,
          dreamdust_mushroom_princess
Shoals:1: layout_shoals, nicolae_shoals_water_elemental_grotto
Shoals:2: layout_shoals
Shoals:3: layout_shoals, nicolae_shop_clearance
Shoals:4: shoals_end_grunt_ice, layout_shoals, ldierk_geyser
Spider:1: layout_spider_delve, uniq_mlioglotl
Spider:2: nicolae_spider_hilbert_zone_2 [nicolae_spider_hilbert_4_sides_1_open,
          nicolae_spider_hilbert_4_sides_1_open,
          nicolae_spider_hilbert_4_sides_1_open,
          nicolae_spider_hilbert_4_sides_1_open,
          nicolae_spider_hilbert_6_sides_1_open,
          nicolae_spider_hilbert_6_sides_1_open,
          nicolae_spider_hilbert_3_sides_1_open,
          nicolae_spider_hilbert_3_sides_1_open,
          nicolae_spider_hilbert_3_sides_1_open,
          nicolae_spider_hilbert_3_sides_1_open,
          nicolae_spider_hilbert_6_sides_1_open,
          nicolae_spider_hilbert_6_sides_1_open,
          nicolae_spider_hilbert_6_sides_1_open,
          nicolae_spider_hilbert_6_sides_1_open], uniq_arachne
Spider:3: layout_spider_delve
Spider:4: hellmonk_spider_rune_bug_friends, uniq_bai_suzhen
Orc:1:    layout_caves, serial_shops, shop
Orc:2:    grunt_orc_gardens, layout_diamond_mine, grunt_orc_garden,
          grunt_orc_garden, grunt_orc_garden, grunt_orc_garden,
          minmay_shop_enchanted_jewellery, nicolae_orc_lost_temple
Elf:1:    minmay_elf_arrival_summoners, layout_geoelf_grid,
          minmay_elf_demonology
Elf:2:    nicolae_elf_blades_crystal_corner, layout_loops_corners, serial_shops,
          nicolae_shop_advertising_works [nicolae_subvault_shop_adworks]
Elf:3:    minmay_elf_hall, layout_geoelf_castle, trove_entry_hex_spiral,
          grunt_ministairs_6
Vaults:1: vaults_mumra_chevron_long, vaults_mumra_minichess_inversion,
          nicolae_vaults_stairing_the_circle, ontoclasm_vaults_decontamination,
          v_misc_16, hangedman_vaults_pinch, ontoclasm_vaults_claustrophobia,
          ontoclasm_vaults_spin, vaults_room_grunt_arrival_ludios,
          nicolae_vaults_disjoint_gnomons, dpeg_vaults_waves,
          layout_vaults_omnibox, uniq_zenata
Vaults:2: nicolae_vaults_circle_grid_a, v_rooms_1, vaults_room_corners,
          v_alt_pattern_4, kennysheep_vaults_gozag_temple,
          grunt_vaults_hallway_short, vaults_room_octagon, v_rooms_6,
          vaults_room_door_hall, nicolae_vaults_network_star, v_rooms_6,
          hangedman_vaults_corner_blocks, nicolae_vaults_little_squares_2,
          layout_vaults_maze, uniq_frederick
Vaults:3: lightli_enter_wizlab_magi_temple, vaults_room_large_hall,
          nicolae_vaults_yaktaur_gun_rack, v_misc_10, v_misc_13,
          minmay_crypt_entry_skeletal_spiral, ontoclasm_vaults_misaligned,
          v_misc_27, nicolae_vaults_mini_display_case, vaults_room_ringed_pool,
          ontoclasm_vaults_chip, nicolae_vaults_theta, layout_vaults_omnigrid
Vaults:4: v_misc_2, v_misc_12, v_misc_19, v_misc_4, v_alt_pattern_1,
          nicolae_vaults_bisected_slash, grunt_vaults_swirl, vaults_room_pools,
          nicolae_vaults_specimen_jars, dpeg_vaults_monster_box,
          vaults_dpeg_hooks, layout_vaults_chaotic_city, serial_shops, shop,
          uniq_margery
Vaults:5
Depths:1: layout_twisted_cross, rand_demon_pan_entry_7,
          minmay_misc_feat_hallway, hell_entry,
          nicolae_kikubaaqudgha_miasma_corner, serial_bayou_shore_b
Depths:2: minmay_heptahexagon, layout_basic, hell_entry,
          trog_three_pillars_becter, pan_entry, gammafunk_ghost_cemetery,
          uniq_sojobo
Depths:3: minmay_octo_star, layout_honeycomb, infiniplex_staircase_star,
          abyss_entry_glasseish, pf_hell_entry_tar_spiral, serial_shops, shop,
          rand_demon_pan_entry_4, lemuel_statue_altar, uniq_josephina
Depths:4: grunt_zot_entry_hairpin, layout_honeycomb, enter_ziggurat_b,
          hell_entry, grunt_pan_entry_spiral, abyss_entry,
          chequers_serial_rivers_room_b, hex_tiny, minmay_shoptagon

Skill      XL: |  1  2  3  4  5  6  7  8  9 10 11 12 13 14 15 16 17 18 19 20 21 22 23 24 |
---------------+-------------------------------------------------------------------------+-----
Invocations    | 1 2 3 4 5 6 7 8 9 10 11 12 13 14 15 16 17 18 | 18.5
Short Blades   | 1 2 3 5 6 7 8 9 10 11 12 13 14 15 16 17 | 17.1
Long Blades    | 1 2 3 5 6 7 8 9 10 11 12 13 14 15 16 17 | 17.1
Axes           | 1 2 3 5 6 7 8 9 10 11 12 13 14 15 16 17 | 17.1
Maces & Flails | 1 2 3 5 6 7 8 9 10 11 12 13 14 15 16 17 | 17.1
Polearms       | 1 2 3 5 6 7 8 9 10 11 12 13 14 15 16 17 | 17.1
Staves         | 1 2 3 5 6 7 8 9 10 11 12 13 14 15 16 17 | 17.1
Ranged Weapons | 1 2 3 5 6 7 8 9 10 11 12 13 14 15 16 17 | 17.1
Throwing       | 1 2 3 5 6 7 8 9 10 11 12 13 14 15 16 17 | 17.1
Shields        | 1 2 3 5 6 7 8 9 10 11 12 13 14 15 16 17 | 17.1
Unarmed Combat | 1 2 3 5 6 7 8 9 10 11 12 13 14 15 16 17 | 17.1
Spellcasting   | 1 2 3 5 6 7 8 9 10 11 12 13 14 15 16 17 | 17.1
Conjurations   | 1 2 3 4 5 6 7 8 9 10 11 12 13 14 | 14.5
Hexes          | 1 2 3 4 5 6 7 8 9 10 11 12 13 14 | 14.5
Summonings     | 1 2 3 4 5 6 7 8 9 10 11 12 13 14 | 14.5
Necromancy     | 1 2 3 4 5 6 7 8 9 10 11 12 13 14 | 14.5
Translocations | 1 2 3 4 5 6 7 8 9 10 11 12 13 14 | 14.5
Transmutations | 1 2 3 4 5 6 7 8 9 10 11 12 13 14 | 14.5
Fire Magic     | 1 2 3 4 5 6 7 8 9 10 11 12 13 14 | 14.5
Ice Magic      | 1 2 3 4 5 6 7 8 9 10 11 12 13 14 | 14.5
Air Magic      | 1 2 3 4 5 6 7 8 9 10 11 12 13 14 | 14.5
Earth Magic    | 1 2 3 4 5 6 7 8 9 10 11 12 13 14 | 14.5
Poison Magic   | 1 2 3 4 5 6 7 8 9 10 11 12 13 14 | 14.5
Fighting       | 3 4 5 6 7 8 9 10 11 12 13 14 15 16 17 | 17.3
Dodging        | 3 4 5 6 7 8 9 10 11 12 13 14 15 16 17 | 17.3
Stealth        | 3 4 5 6 7 8 9 10 11 12 13 14 15 16 17 | 17.2
Armour         | 5 6 7 8 9 10 11 12 13 14 15 16 17 | 17.6
Evocations     | 7 8 9 10 11 12 13 14 15 16 17 18 | 18.1

Action                     |  1- 3 |  4- 6 |  7- 9 | 10-12 | 13-15 | 16-18 | 19-21 | 22-24 || total
---------------------------+-------+-------+-------+-------+-------+-------+-------+-------++-------
  Melee: Club              |     8 |       |       |       |       |       |       |       ||     8
         Dagger            |    19 |     3 |       |       |       |   128 |   246 |   115 ||   511
         Whip              |    55 |   202 |   524 |   476 |   467 |   178 |    60 |       ||  1962
         Short sword       |    30 |       |       |       |       |       |       |       ||    30
         Bite              |     7 |    10 |    59 |    85 |    79 |    70 |    92 |   141 ||   543
         Punch             |     1 |     2 |     4 |       |       |     1 |    10 |       ||    18
         Unarmed           |       |     9 |       |       |       |    25 |    92 |       ||   126
         Tailslap          |       |       |       |       |       |     4 |    27 |       ||    31
         Katana            |       |       |       |       |       |       |       |  1393 ||  1393
  Throw: Dart              |       |       |       |       |       |       |       |     3 ||     3
   Cast: Sting             |     3 |       |       |       |       |       |       |       ||     3
         Poisonous Vapours |       |       |    29 |    83 |   235 |   416 |   329 |    84 ||  1176
         Summon Guardian G |       |       |     9 |    24 |    15 |       |       |       ||    48
         Olgreb's Toxic Ra |       |       |       |    26 |    61 |    60 |    63 |    25 ||   235
         Animate Armour    |       |       |       |    35 |    56 |     6 |     1 |       ||    98
         Stone Arrow       |       |       |       |    20 |    16 |    59 |    31 |     8 ||   134
         Plasma Beam       |       |       |       |       |    31 |    37 |       |       ||    68
         Irradiate         |       |       |       |       |    12 |    17 |     6 |     5 ||    40
         Ignite Poison     |       |       |       |       |    80 |   232 |   226 |    60 ||   598
         Freezing Cloud    |       |       |       |       |     2 |    17 |     4 |     1 ||    24
         Passwall          |       |       |       |       |       |    19 |     1 |     4 ||    24
         Dragon Form       |       |       |       |       |       |     7 |     4 |       ||    11
         Summon Cactus Gia |       |       |       |       |       |       |    23 |     2 ||    25
         Lee's Rapid Decon |       |       |       |       |       |       |    16 |    56 ||    72
         Wereblood         |       |       |       |       |       |       |     1 |     1 ||     2
         Manifold Assault  |       |       |       |       |       |       |       |   246 ||   246
 Invoke: Curse Item        |       |     1 |     3 |     4 |     2 |     5 |     3 |     4 ||    22
         Shatter the Chain |       |       |       |       |     2 |     5 |     5 |     2 ||    14
Ability: Breathe Fire      |       |       |       |       |       |     2 |     3 |       ||     5
  Evoke: Wand              |       |       |     6 |     9 |     3 |     3 |     4 |     6 ||    31
         Phantom mirror    |       |       |       |       |     1 |       |     2 |     1 ||     4
         Condenser vane    |       |       |       |       |       |       |     1 |     5 ||     6
         Box of beasts     |       |       |       |       |       |       |     1 |       ||     1
    Use: Potion            |       |     3 |     1 |     1 |       |     1 |       |     7 ||    13
         Scroll            |       |       |     2 |     2 |     1 |     4 |     5 |     6 ||    20
   Stab: Sleeping          |     2 |     4 |     4 |     3 |       |    20 |     7 |    15 ||    55
         Distracted        |       |       |       |       |     1 |       |       |     4 ||     5
 Armour: Leather armour    |     3 |       |       |       |       |       |       |       ||     3
         Ring mail         |    25 |    86 |   135 |       |       |       |       |       ||   246
         Scale mail        |       |       |   139 |   240 |   189 |   239 |    39 |       ||   846
         Skin              |       |       |       |       |       |    10 |    32 |       ||    42
         Chain mail        |       |       |       |       |       |       |    92 |   232 ||   324
  Dodge: Dodged            |    64 |   112 |   340 |   258 |   320 |   320 |   150 |   156 ||  1720
  Block: Buckler           |       |       |    83 |   155 |   183 |   147 |       |       ||   568
         Kite shield       |       |       |       |       |       |    60 |   283 |   526 ||   869
         Reflection        |       |       |       |       |       |     6 |    59 |    35 ||   100
         Other             |       |       |       |       |       |     2 |    27 |       ||    29

Table legend: (Time is in decaauts)
 A = Elapsed time spent in this place.
 B = Non-inter-level travel time spent in this place.
 C = Inter-level travel time spent in this place.
 D = Time resting spent in this place.
 E = Time spent auto-exploring this place.
 F = Levels seen in this place.
 G = Mean time per level.
                   A        B        C        D        E       F      G
               +--------+--------+--------+--------+--------+-----+--------+
         Total |  76526 |  71013 |   5513 |  22325 |  36812 |  45 | 1700.6 |
       Dungeon |  17281 |  15671 |   1610 |   2885 |   9762 |  15 | 1152.1 |
        Temple |     59 |     41 |     18 |      0 |     34 |   1 |   59.0 |
          Lair |   9817 |   9087 |    730 |   4092 |   3549 |   5 | 1963.4 |
        Shoals |   8507 |   8013 |    494 |   2873 |   4184 |   4 | 2126.8 |
   Spider Nest |  10561 |  10204 |    357 |   4483 |   4088 |   4 | 2640.2 |
  Orcish Mines |   2830 |   2339 |    491 |    983 |    952 |   2 | 1415.0 |
   Elven Halls |   7255 |   6455 |    800 |   2077 |   3156 |   3 | 2418.3 |
        Vaults |  11255 |  10460 |    795 |   2506 |   6493 |   5 | 2251.0 |
        Depths |   7460 |   7245 |    215 |   2045 |   3948 |   4 | 1865.0 |
         Sewer |   1194 |   1194 |      0 |    229 |    632 |   1 | 1194.0 |
      Ice Cave |    301 |    301 |      0 |    151 |     14 |   1 |  301.0 |
               +--------+--------+--------+--------+--------+-----+--------+

Top non-repeatable levels by time:
Spider:4: 3870 daAuts
   Elf:3: 3777 daAuts
Vaults:1: 3593 daAuts
Vaults:3: 3040 daAuts
Spider:2: 2904 daAuts
Spider:3: 2814 daAuts
Shoals:3: 2781 daAuts
Vaults:2: 2741 daAuts
  Lair:4: 2677 daAuts
  Lair:2: 2577 daAuts
Depths:4: 2492 daAuts
Shoals:4: 2335 daAuts
Depths:3: 2254 daAuts
   Elf:1: 2035 daAuts
  Lair:5: 1975 daAuts
